AoeStats
← Juyhou

Black Forest

508476368Analyzed
4v4 RM · 10d ago on Sep 22, 2026· 59m 17s· 8 players
Game mode
Random Map
Map size
Large (8 player)
Population
200
Speed
Normal
Resources
Standard
Victory
Conquest
Starting age
Dark Age
Ending age
Imperial Age
RankedLock teamsTeams togetherTeam positionsShared explorationLock speedFull tech treeHidden civsTurbo modeCheats
Victory
Defeat
🇫🇮 Danes · Finland
1787
+9
🇧🇷 Mongols · Brazil
1707
+12
🇩🇪 Lithuanians · Germany
1698
+12
🇫🇮 Saxons · Finland
1649
+14
🇮🇳 Mongols · India
1641
-13
🇺🇸 Varangians · United States
1632
-12
🇮🇳 Persians · India
1619
-12
🇮🇳 Bohemians · India
1579
-10
[Liiit] Zbyszek
10:30 Feudal Age
14:05 Castle Age
12:23 Double-Bit Axe
12:45 Horse Collar
15:07 Bow Saw
17:58 Stone Mining
18:35 Loom
21:02 Wheelbarrow
20:41 Heavy Plow
21:55 Scale Barding Armor
22:57 Forging
23:52 Bloodlines
25:09 Gold Mining
29:15 Imperial Age
26:50 Husbandry
27:39 Hand Cart
28:18 Iron Casting
28:40 Chain Barding Armor
28:54 Bloodlines
30:34 Plate Barding Armor
30:10 Treadmill Crane
30:53 Masonry
31:13 Devotion
32:17 Elite Leitis
33:18 Conscription
35:01 Light Cavalry
37:54 Winged Hussar
48:30 Caravan
51:13 Architecture
50:24 Treadmill Crane
51:46 Chemistry
51:35 Guilds
54:04 Two-Man Saw
53:35 Crop Rotation
54:18 Stone Shaft Mining
58:45 Spies/Treason
Juyhou
11:39 Feudal Age
12:21 Double-Bit Axe
15:18 Castle Age
16:11 Bow Saw
15:41 Horse Collar
16:38 Heavy Plow
19:41 Loom
22:51 Scale Mail Armor
25:14 Wheelbarrow
24:35 Gold Mining
24:59 Stone Mining
27:03 Chain Mail Armor
26:59 Forging
27:14 Squires
30:25 Iron Casting
30:08 Arson
33:28 Imperial Age
31:35 Gold Shaft Mining
32:03 Hamask
33:08 Hand Cart
34:34 Conscription
33:37 Onager
35:08 Plate Mail Armor
35:39 Blast Furnace
34:44 Elite Jomsviking
37:01 Blast Furnace
36:39 Northmen's Fury
38:18 Town Watch
38:22 Siege Onager
39:25 Fletching
40:31 Stone Shaft Mining
40:25 Capped Ram
42:00 Bodkin Arrow
42:12 Siege Engineers
42:28 Ballistics
43:08 Chemistry
45:41 Bracer
47:12 Masonry
47:38 Hoardings
50:22 Siege Ram
51:25 Caravan
Shyles
0:53 Loom
9:57 Feudal Age
10:41 Double-Bit Axe
11:29 Man-at-Arms
19:43 Castle Age
18:59 Forging
18:34 Horse Collar
19:48 Long Swordsman
20:44 Squires
29:55 Heavy Plow
31:01 Wheelbarrow
31:42 Bow Saw
32:36 Hand Cart
32:43 Stone Mining
33:53 Gold Mining
38:32 Imperial Age
36:37 Treadmill Crane
37:57 Iron Casting
37:23 Scale Mail Armor
37:29 Gambesons
37:30 Arson
38:25 Fletching
39:24 Gold Shaft Mining
39:00 Padded Archer Armor
39:33 Conscription
38:36 Elite Varangian Guard
39:35 Chain Mail Armor
39:38 Fletching
40:22 Padded Archer Armor
41:23 Chemistry
40:43 Ballistics
40:02 Shield Wall
41:28 Bodkin Arrow
41:48 Leather Archer Armor
41:55 Elite Hearth Troop
44:52 Bracer
45:23 Ring Archer Armor
45:24 Masonry
47:28 Architecture
47:53 Plate Mail Armor
48:42 Coinage
48:23 Guilds
48:14 Caravan
54:05 Banking
54:24 Crop Rotation
54:56 Two-Man Saw
59:02 Capped Ram
Hoyall
3:23 Loom
11:32 Feudal Age
16:07 Castle Age
14:30 Double-Bit Axe
14:52 Horse Collar
23:41 Bow Saw
25:59 Stone Mining
29:33 Wheelbarrow
28:43 Town Watch
28:59 Fletching
32:05 Imperial Age
29:59 Ballistics
29:43 Padded Archer Armor
30:05 Bodkin Arrow
31:30 Bodkin Arrow
33:23 Conscription
33:09 Light Cavalry
33:59 Bloodlines
34:35 Bracer
35:40 Scale Barding Armor
35:56 Forging
41:07 Nomads
42:42 Heavy Plow
43:15 Husbandry
44:55 Hussar
46:50 Chain Barding Armor
48:14 Iron Casting
49:55 Blast Furnace
52:31 Caravan
52:51 Leather Archer Armor
52:30 Gold Mining
56:12 Hand Cart
wackadoodle
1:39 Loom
10:55 Feudal Age
14:59 Castle Age
13:01 Double-Bit Axe
16:24 Bow Saw
17:24 Horse Collar
20:45 Wheelbarrow
22:43 Hand Cart
24:38 Heavy Plow
24:29 Gold Mining
25:00 Fletching
26:06 Bodkin Arrow
26:33 Padded Archer Armor
27:21 Gold Shaft Mining
26:39 Stone Mining
27:44 Leather Archer Armor
28:21 Stone Shaft Mining
28:10 Bloodlines
28:01 Husbandry
28:43 Ballistics
28:30 Thumb Ring
34:49 Imperial Age
33:36 Coinage
35:33 Bracer
36:00 Parthian Tactics
35:58 Conscription
35:02 Elite Mangudai
36:44 Chemistry
35:18 Capped Ram
36:32 Siege Ram
38:04 Banking
37:35 Caravan
38:17 Drill
45:23 Hoardings
45:01 Masonry
51:45 Nomads
HAASHIRAMA
8:57 Loom
10:49 Feudal Age
14:38 Castle Age
13:13 Double-Bit Axe
13:09 Horse Collar
15:32 Bow Saw
20:10 Wheelbarrow
22:45 Scale Barding Armor
23:22 Forging
23:43 Bloodlines
24:53 Chain Barding Armor
26:29 Hand Cart
29:07 Iron Casting
33:44 Imperial Age
32:19 Scale Mail Armor
32:51 Coinage
32:51 Gold Mining
32:51 Stone Mining
33:07 Heavy Plow
34:06 Chain Mail Armor
33:31 Capped Ram
33:34 Cavalier
34:54 Plate Barding Armor
35:20 Two-Man Saw
34:24 Siege Ram
35:31 Husbandry
36:32 Blast Furnace
35:52 Savar
39:31 Chemistry
39:25 Padded Archer Armor
40:45 Leather Archer Armor
42:03 Ring Archer Armor
42:28 Light Cavalry
44:01 Gold Shaft Mining
43:57 Crop Rotation
44:29 Chain Mail Armor
44:19 Pikeman
45:00 Squires
45:31 Squires
46:56 Plate Mail Armor
45:47 Man-at-Arms
46:15 Halberdier
A-V (JustOnePixeL)
6:55 Loom
9:13 Feudal Age
16:36 Double-Bit Axe
16:33 Horse Collar
30:15 Castle Age
32:00 Bow Saw
33:45 Wheelbarrow
36:52 Heavy Plow
38:57 Chemistry
38:01 Padded Archer Armor
38:49 Fletching
39:15 Leather Archer Armor
39:38 Leather Archer Armor
40:03 Hand Cart
41:06 Fletching
42:39 Elite Skirmisher
43:15 Bodkin Arrow
43:42 Ballistics
50:26 Imperial Age
51:22 Bracer
52:01 Fervor
shn_07
11:27 Feudal Age
15:21 Castle Age
13:16 Double-Bit Axe
13:12 Horse Collar
16:20 Bow Saw
16:11 Heavy Plow
16:38 Gold Mining
17:28 Forging
26:55 Imperial Age
24:29 Loom
25:57 Fervor
26:06 Atonement
27:53 Forging
28:22 Illumination
28:23 Loom
29:31 Theocracy
35:34 Herbal Medicine
36:35 Scale Barding Armor
38:31 Fletching
40:16 Bodkin Arrow
41:07 Heavy Mounted Crossbowman
42:18 Conscription
41:23 Cranequins
42:04 Bracer
42:40 Wheelbarrow
44:41 Pikeman
45:22 Squires
45:10 Halberdier
Connection lost

Rejoining the realm…

Still unreachable

The connection could not be restored.

Session expired

The server has moved on; the page needs a fresh start.